Cogmind - Beta 16 @@@ ROGUE MODE // 2025.12.10 @ 19:17:37 Player: ClassActJerk Result: Self-destructed Performance ------------- Evolutions (1) 500 Regions Visited (2) 400 Robots Destroyed (29) 145 Value Destroyed (784) 784 Prototype IDs (0) 0 Alien Tech Used (0) 0 Bonus (0) 0 TOTAL SCORE: 1829 Bonus ------- None Cogmind --------- Core Integrity 235/400 Matter 302/350 Energy 250/250 System Corruption 0% Temperature Cool (6) Movement Walking (400) Ox4 Location -9/Materials Parts ------- > --- POWER (1) -------- Ion Engine > --- PROPULSION (3) --- Aluminum Leg > --- UTILITY (2) ------ High-capacity Storage Unit Small Matter Pod > --- WEAPON (3) ------- (None) > --- INVENTORY (20) --- (None) Peak State ------------ > --- POWER ------------ Ion Engine > --- PROPULSION ------- Aluminum Leg Aluminum Leg Aluminum Leg > --- UTILITY ---------- High-capacity Storage Unit Small Matter Pod > --- WEAPON ----------- Light Assault Rifle Grenade Launcher > --- INVENTORY -------- (None) [Rating: 8] Favorites ----------- Power Ion Engine Engine Ion Engine Propulsion Light Treads Treads Light Treads Leg Aluminum Leg Utility Small Matter Pod Storage Small Matter Pod Weapon Light Assault Rifle Energy Gun Small Laser Ballistic Gun Light Assault Rifle Launcher Grenade Launcher Build | -11 -10 -9 ------- Run | Yrd Mat Mat Slots Evolved 2 | . . 2 Power . | . . . Propulsion 1 | . . 1 Utility . | . . . Weapon 1 | . . 1 Parts Attached 17 | 7 8 2 Power 4 | 1 2 1 Engine 4 | 1 2 1 Core . | . . . Reactor . | . . . Propulsion 6 | 3 2 1 Treads 2 | 2 . . Leg 4 | 1 2 1 Wheel . | . . . Hover . | . . . Flight . | . . . Utility 3 | 1 2 . Device . | . . . Storage 3 | 1 2 . Processor . | . . . Hackware . | . . . Protection . | . . . Artifact . | . . . Weapon 4 | 2 2 . Energy Gun 2 | 2 . . Energy Cannon . | . . . Ballistic Gun 1 | . 1 . Ballistic Cannon . | . . . Launcher 1 | . 1 . Special Weapon . | . . . Impact Weapon . | . . . Slashing Weapon . | . . . Piercing Weapon . | . . . Special Melee Weapon . | . . . Unidentified Prototypes . | . . . Parts Lost 9 | . 3 6 Power 2 | . 1 1 Propulsion 3 | . 1 2 Utility . | . . . Weapon 4 | . 1 3 Highest Loss Streak 4 | . 2 4 To Critical Strikes . | . . . Average Backups 2 | 3 2 . Power . | . 1 . Propulsion . | . . . Utility . | . . . Weapon . | 1 1 . Tool/Special . | . . . Unused Backups . | . . . Power . | . . . Propulsion . | . . . Utility . | . . . Weapon . | . . . Tool/Special . | . . . Average Slot Usage (%) 88 | . 93 79 Engine 11 | . 12 10 Treads 15 | . 23 . Leg 11 | . 2 26 Storage 23 | . 24 22 Energy Gun 11 | . 15 4 Ballistic Gun 10 | . 10 11 Launcher 3 | . 2 5 Peak Build Rating 8 | 6 7 8 Average Rating 6 | 3 6 7 On Entrance 4 | . 6 7 Avg Prop Armor Cover (%) 14 | 14 . . Naked Turns . | . . . Heaviest Build 50 | 11 48 50 Greatest Support 40 | 40 40 30 Greatest Overweight (x) 4 | . 2 4 Average Overweight (x) . | . . 1 Largest Inventory Capacity 20 | 8 20 20 Average Capacity 16 | 6 16 20 Most Carried 5 | 5 5 2 Average Carried 2 | 3 2 . Final Capacity 20 | 8 20 20 Final Carried 2 | 2 2 . Class Distribution -------------------- 86% | Mutant 13% | Scavenger-Mutant Dominant Class ---------------- Mutant | -10/Materials Mutant | -9/Materials Resources | -11 -10 -9 ----------- Run | Yrd Mat Mat Matter Collected 514 | 255 195 64 Remotely . | . . . Salvage Created 815 | . 363 452 Parts 49 | . 26 23 Haulers Intercepted 2 | . . 2 Recyclers Shooed 1 | . 1 . Parts Field Recycled . | . . . Retrieved Matter . | . . . Parts Self-Destructed . | . . . Prevented . | . . . Parts Restored . | . . . Kills | -11 -10 -9 ------- Run | Yrd Mat Mat Combat Hostiles Destroyed 23 | . 10 13 Guns 10 | . 6 4 AOE 13 | . 4 9 Classes Destroyed 6 | . 2 4 Builder 3 | . 1 2 Hauler 2 | . . 2 Recycler 1 | . . 1 Swarmer 4 | . . 4 Grunt 18 | . 10 8 Sentry 1 | . . 1 Best Kill Streak 13 | . 7 13 Combat Bots Only 8 | . 6 8 Max Kills in Single Turn 4 | . 2 4 Gunslinging . | . . . Exploded 4 | . 1 4 Melee . | . . . Uniques/NPCs Destroyed . | . . . Combat | -11 -10 -9 -------- Run | Yrd Mat Mat Hostile Shots Fired 152 | . 85 67 Missed 35 | . 18 17 Hits 117 | . 67 50 Projectile 117 | . 67 50 Damage Taken 1504 | . 786 718 Core 387 | . 222 165 Absorbed by Shields . | . . . Core Remaining (%) 55 | 100 11 . Volleys Fired 68 | . 35 33 Largest 2 | . 2 2 Hottest 80 | . 80 60 Shots Fired 121 | . 70 51 Gun 109 | . 66 43 Cannon . | . . . Launcher 12 | . 4 8 Special . | . . . Kinetic 56 | . 23 33 Thermal 45 | . 35 10 Explosive 12 | . 4 8 Electromagnetic 8 | . 8 . Robot Hit Streak 16 | . 16 7 Robot Miss Streak 7 | . 7 2 Penetration Max . | . . . Secondary Targets 2 | . 1 1 Max Gunslinging Chain 1 | . 1 1 Shots Hit Robots 75 | . 41 34 Core Hits 55 | . 23 32 Critical Kills . | . . . Critical Parts Destroyed . | . . . Critical Strikes . | . . . Melee Attacks . | . . . Impact . | . . . Slashing . | . . . Piercing . | . . . Sneak Attacks . | . . . Combat Hostiles . | . . . Follow-up Attacks . | . . . Damage Inflicted 2161 | . 939 1222 Guns 716 | . 458 258 Cannons . | . . . Explosions 1440 | . 481 959 Melee . | . . . Ramming 5 | . . 5 Kinetic 326 | . 133 193 Thermal 419 | . 354 65 Explosive 1333 | . 374 959 Electromagnetic 78 | . 78 . Impact . | . . . Slashing . | . . . Piercing . | . . . Highest Corruption . | . . . Average Corruption . | . . . Corruption Purged . | . . . Corruption Blocked . | . . . Overload Shots . | . . . Overflow Damage 38 | . 25 13 Projectiles . | . . . Explosions 38 | . 25 13 Melee . | . . . Knockbacks . | . . . Impact . | . . . Kinetic . | . . . Secondary . | . . . Self-Inflicted Damage 102 | . 2 100 Shots 6 | . 1 5 Rammed . | . . . Targets Rammed 1 | . . 1 Kicked 1 | . . 1 Crushed . | . . . Highest Temperature 364 | . 364 46 Average Temperature 103 | . 133 14 Received Heat Transfer 714 | . 435 279 Siege Activations . | . . . Martial Activations . | . . . Shielding Activations . | . . . Robots Disrupted . | . . . Combat Hostiles . | . . . Robots Corrupted . | . . . Combat Hostiles . | . . . Parts Fried . | . . . Impact Corruptions . | . . . Robots Melted . | . . . Combat Hostiles . | . . . Parts Melted . | . . . Heat Transferred 800 | . 650 150 Parts Sabotaged . | . . . Parts Stolen . | . . . Parts Stripped . | . . . Power Chain Reactions 1 | . 1 . Alert | -11 -10 -9 ------- Run | Yrd Mat Mat Maximum Alert Level 1 | . . 1 Low Security (%) 96 | 100 100 90 Level 1 3 | . . 9 Level 2 . | . . . Level 3 . | . . . Level 4 . | . . . Level 5 . | . . . High Security . | . . . Max Security . | . . . Peak Influence 224 | . 149 224 Initial 8 | . . 8 Average 51 | . 50 66 Influence Increases 653 | . 269 384 Destroy 0b10 Robot/C 460 | . 200 260 Destroy 0b10 Robot/NC 30 | . 5 25 Destroy Leader 94 | . 40 54 Disable Machine 15 | . 15 . Destroy Structure 54 | . 9 45 Influence Decreases 439 | . 249 190 Entered New Map 12 | . . 12 Time Decay 347 | . 229 118 Lost Part 80 | . 20 60 Squads Dispatched 4 | . 2 2 Investigation 2 | . 2 . Extermination . | . . . Reinforcement 2 | . . 2 Assault . | . . . Garrison . | . . . Intercept . | . . . Searches Triggered . | . . . Construction Impeded 1 | . . 1 Haulers Reinforced . | . . . Active Scanning Responses . | . . . Cargo Convoy Interrupts . | . . . Stealth | -11 -10 -9 --------- Run | Yrd Mat Mat Distress Signals 2 | . . 2 Communications Jammed . | . . . Distress Signals . | . . . Times Spotted 32 | . 11 21 Peak Tracking Total 7 | . 6 7 Tactical Retreats . | . . . Traps | -11 -10 -9 ------- Run | Yrd Mat Mat Traps Triggered 2 | . 2 . Indirectly . | . . . Trap Hack Attempts . | . . . Triggered . | . . . Disarmed . | . . . Reprogrammed . | . . . Reused . | . . . Traps Extracted . | . . . Installed . | . . . Triggered . | . . . Machines | -11 -10 -9 ---------- Run | Yrd Mat Mat Machines Disabled 1 | . 1 . Max in Single Turn 1 | . 1 . Machines Repaired . | . . . Machines Dismantled . | . . . Machines Sabotaged . | . . . Overloaded Fab Kills . | . . . Hacking | -11 -10 -9 --------- Run | Yrd Mat Mat Machines Accessed . | . . . Terminals . | . . . Fabricators . | . . . Repair Stations . | . . . Recycling Units . | . . . Scanalyzers . | . . . Garrison Access . | . . . Total Hacks . | . . . Successful . | . . . Failed . | . . . Catastrophic . | . . . Database Lockouts . | . . . Manual . | . . . Terminals . | . . . Fabricators . | . . . Repair Stations . | . . . Recycling Units . | . . . Scanalyzers . | . . . Garrison Access . | . . . Terminal Hacks . | . . . Fabricator Hacks . | . . . Repair Station Hacks . | . . . Recycling Unit Hacks . | . . . Scanalyzer . | . . . Garrison Access Hacks . | . . . Unauthorized Hacks . | . . . Terminals . | . . . Fabricators . | . . . Repair Stations . | . . . Recycling Units . | . . . Scanalyzers . | . . . Garrison Access . | . . . Data Cores Recovered . | . . . Used . | . . . Hacking Detections . | . . . Full Trace Events . | . . . Feedback Events . | . . . Feedback Blocked . | . . . Robot Schematics Acquired . | . . . Robots Built . | . . . Authchips . | . . . Time . | . . . Total Robot Build Rating . | . . . Part Schematics Acquired . | . . . Parts Built . | . . . Authchips . | . . . Time . | . . . Total Part Build Rating . | . . . Part Studies Acquired . | . . . Parts Repaired . | . . . Time . | . . . Parts Recycled . | . . . Recycled Matter . | . . . Retrieved Matter . | . . . Retrieved Components . | . . . Parts Scanalyzed . | . . . Part Schematics Acquired . | . . . Parts Damaged . | . . . Bothacking | -11 -10 -9 ------------ Run | Yrd Mat Mat Used RIF Installer . | . . . Robots Hacked . | . . . Non-combat . | . . . Combat . | . . . Robot Hacks Applied . | . . . Relay Couplers Released . | . . . Fabnet Peak Effective % . | . . . Robots Rewired . | . . . Allies Hacked . | . . . Hacks Repelled . | . . . Allies | -11 -10 -9 -------- Run | Yrd Mat Mat Total Allies . | . . . Largest Group . | . . . Highest-Rated Group . | . . . Highest-Rated Ally . | . . . Total Orders . | . . . Ally Attacks . | . . . Total Damage . | . . . Kills . | . . . Allies Corrupted . | . . . Allies Melted . | . . . Intel | -11 -10 -9 ------- Run | Yrd Mat Mat Active Infowar (turns) . | . . . Robot Analysis Total . | . . . Derelict Logs Recovered . | . . . Drone Launches . | . . . Drone Recoveries . | . . . Exploration | -11 -10 -9 ------------- Run | Yrd Mat Mat Turns Passed 999 | 85 596 318 Spaces Moved 383 | 56 219 108 Core 15 | 15 . . Treads 234 | 38 196 . Legs 134 | 3 23 108 Wheels . | . . . Hover . | . . . Flight . | . . . Fastest Speed 50 | 50 160 190 Average Speed 205 | 128 219 217 Slowest Speed 400 | 160 320 400 Overloaded Moves . | . . . Propulsion Burnouts . | . . . Robots Hopped . | . . . Potential Cave-ins 2 | . . 2 Cave-ins Triggered . | . . . Exploration Rate (%) 17 | 4 34 15 Regions Visited 2 Branch Regions . Pre-discovered Areas . | . . . Known Exits Taken . | . . . Unknown Exits Taken 2 | 1 1 . Scrap Searched . | . . . Spaces Dug . | . . . Terrain Destroyed 56 | . 8 48 Melee . | . . . Projectile . | . . . AOE 56 | . 8 48 Terrain Rammed . | . . . Walls Destroyed . | . . . Machines Disabled . | . . . Actions | -11 -10 -9 --------- Run | Yrd Mat Mat Total 485 | 68 271 146 Wait . | . . . Move 381 | 55 218 108 Hop . | . . . Pick Up 13 | 5 7 1 Fast Attach 4 | 4 . . Attach 11 | 3 5 3 Detach . | . . . Swap 3 | . 3 . Drop 4 | 1 3 . Fire 68 | . 35 33 Melee . | . . . Ram . | . . . Kick 1 | . . 1 Crush . | . . . Escape Stasis . | . . . Rewire . | . . . Trap . | . . . Miscellaneous . | . . . Route ------- -11/Scrapyard -10/Materials -9/Materials History --------- Turn | Location | Event 3 | -11/Scrapyard | Discovered new exit (range 16) 86 | -11/Scrapyard | Entered Materials 309 | -10/Materials | Build established: Mutant 346 | -10/Materials | Discovered new exit (range 10) 563 | -10/Materials | Core integrity fell below 50% 575 | -10/Materials | Core integrity fell below 20% 682 | -10/Materials | Entered another Materials area 682 | -9/Materials | Evolved 2 slots: Propulsion x1, Weapon x1 1000 | -9/Materials | Self-destructed Last Messages --------------- 00989_ U-05 Engineer lays Concrete. 00991_ Aluminum Leg destroyed. 00992_ K-01 Serf collects debris. 00992_ U-05 Engineer lays Concrete. 00993_ R-06 Scavenger collects Welding Torch. 00993_ U-05 Engineer lays Concrete. 00995_ K-01 Serf collects debris. 00995_ U-05 Engineer lays Concrete. 00997_ R-06 Scavenger collects Prototype Flight Unit. 00998_ K-01 Serf collects debris. 00998_ U-05 Engineer lays Concrete. 00998_ K-01 Serf collects debris. 00999_ U-05 Engineer lays Concrete. 00999_ G-34 Mercenary destroyed. 01000_ U-05 Engineer lays Concrete. 01000_ U-05 Engineer builds a Wall. 01000_ R-06 Scavenger collects Prototype Flight Unit. 01000_ Lgt. Assault Rifle destroyed. Map ----- +----------------------------------------------------+ | ?????????????????????????????????????????????????? | | ?????????????????????????????????????????????????? | | ?????????????????????????????????????????????????? | | ?????????????????????????????????????????????????? | | ?????????????????????????????????????????????????? | | ?????????????????????????????????????????????????? | | ?????????????????????????????????????????????????? | | ?????????????????????????????????????????????????? | | ?????????????????????????????????????????????????? | | ?????????????????????????????????????????????????? | | ?????????????????????????????????????????????????? | | ?????????????????????????????????????????????????? | | ?????????????????????????????????????????????????? | | ?????????????????????????????????????????????????? | | ?????????????????????????????????????????????????? | | ????????????????"????????????????????????????????? | | ???????????????"""???????????????????????????????? | | ?????????????? """ ??????????????????????????????? | | ?????????????? ###########??????????????????? | | ???????????????? # ##?????????????????? | | ????????????????"" #?????????????????? | | ????????????????"" # =w ###????#??????????? | | ???????????? """ #=g! = # ## #??????????? | | ??????????? *+!%!!w =kur%% % ????????????? | | ??????????? %#%[!=%| u % ## ##?????????? | | ???????????????""" #=!* @ *! k ???????? | | ???????????????""" ! ! w #????????? | | ???????????????""" r####### # # g #????????? | | ????????????? ????????## #?#?? #????????? | | ??????????????????????????# #??????? #????????? | | ??????????????????????????# #?????????? ?????????? | | ??????????????????????????# #????????????????????? | | ??????????????????????????# #????????????????????? | | ?????????????????????????## ############# ???????? | | ?????????????????????????# ??????? | | ?????????????????????????# ??????? | | ?????????????????????????# ??????? | | ?????????????????????????# ############+???????? | | ?????????????????????????# #???????????????????? | | ?????????????????????????# #???????????????????? | | ?????????????????????????# #???????????????????? | | ?????????????????????????# #???????????????????? | | ?????????????????????????# #???????????????????? | | ?????????????????????????# #???????????????????? | | ?????????????????????????# #???????????????????? | | ?????????????????????????# #???????????????????? | | ?????????????????????????# #???????????????????? | | ?????????????????????????# #???????????????????? | | ?????????????????????????# #???????????????????? | | ?????????????????????????# #???????????????????? | +----------------------------------------------------+ Best States ------------- Heat Dissipation 28 Energy Generation 10 Energy Capacity 250 Matter Stores 350 Matter Capacity 350 Sight Range 16 Terrain Scan Density 10 Evasion (%) 40 Recoil Reduction 2 Item Schematics ----------------- None Robot Schematics ------------------ None Fabricated ------------ Nothing Repaired ---------- Nothing Studied --------- None Alien Tech Used ----------------- None Achievements -------------- None Challenges ------------ None Game ------ Seed LightVisualExoskeleton Manual? 0 Play Time 00:08:19 Cumulative 40.2 hours Start 2025.12.10 @ 19:10:04 End 2025.12.10 @ 19:17:37 Sessions 1 Manual Loads 0 Difficulty Rogue Special Mode None Game No. 124 Rogue 124 Adventurer 0 Explorer 0 Win Type - Total 0 Types 0/0/0/0/0/0/0/0/0/0 Lore% 16 Gallery% 27 Achievement% 20 Wizard Run 0 Options --------- Layout 1 ASCII 0 Keyboard 0 Movement Mouse Keybinds 0 Fullscreen 1 Font 24/Terminus Map View 50x35 Zoom Use 0% Tactical HUD 1 Map Filters NONE Filters NONE Steam 1 RUN: 1bb99cbb-b7ff-495d-890e-6a7a04e7a25a